 Dungeon Crawl Stone Soup version 0.19-a0-1786-g230130f (webtiles) character file.

90749 Amnesiac the Nimble (level 16, -9/156 HPs)
             Began as a Halfling Berserker on Oct 3, 2016.
             Was the Champion of Trog.
             Mangled by a titan skeleton (23 damage)
             ... led by a necromancer
             ... on level 1 of the Depths.
             The game lasted 00:42:30 (18515 turns).

Amnesiac the Nimble (Halfling Berserker)           Turns: 18515, Time: 00:42:31

Health: -9/156     AC: 26    Str: 32    XL:     16   Next: 48%
Magic:  0/25       EV: 31    Int:  5    God:    Trog [******]
Gold:   925        SH: 11    Dex: 31    Spells: 0 memorised, 15 levels left

rFire  + + .     SeeInvis +     U - +3 dagger (elec)
rCold  . . .     Gourm    .     y - +7 scale mail of the Jackalope {rPois Int+3 Dex+3}
rNeg   . . .     Faith    .     a - +2 buckler of Siut {Dex+3}
rPois  +         Spirit   +     Q - +0 helmet {SInv}
rElec  .         Dismiss  .     B - +2 cloak {rPois}
rCorr  .         Reflect  .     L - +0 pair of gloves
MR     +....     Harm     .     b - +1 pair of boots
Stlth  ..........               t - amulet of guardian spirit
                                x - ring "Cepnompa" {rF+ Str+8 Int-5 Dex+5 Stlth+}
                                S - ring "Ysunuu" {rF+ MP+9 Int+2}

@: berserking, very quick
A: frail 1, mutation resistance 2, screaming 1
a: Berserk, Trog's Hand, Brothers in Arms, Burn Spellbooks, Renounce Religion


You were on level 1 of the Depths.
You worshipped Trog.
Trog was exalted by your worship.
You were not hungry.

You visited 3 branches of the dungeon, and saw 18 of its levels.
You also visited: Labyrinth.

You collected 1446 gold pieces.
You spent 521 gold pieces at shops.

Inventory:

Hand Weapons
 d - a +0 blowgun
 q - a +4 antimagic quick blade
 U - a +3 dagger of electrocution (weapon)
Missiles
 n - 10 curare-tipped needles
 J - 2 exploding tomahawks
 P - 2 throwing nets (quivered)
 T - 9 needles of sleeping
Armour
 a - the +2 buckler of Siut (worn) {Dex+3}
   (You found it on level 5 of the Dungeon)

   It affects your dexterity (+3).
 b - a +1 pair of boots (worn)
 y - the +7 scale mail of the Jackalope (worn) {rPois Int+3 Dex+3}
   (You bought it in a shop on level 2 of the Orcish Mines)

   It affects your intelligence (+3).
   It affects your dexterity (+3).
   It protects you from poison.
 B - a +2 cloak of poison resistance (worn)
 L - a +0 pair of gloves (worn)
 Q - a +0 helmet of see invisible (worn)
Jewellery
 t - an amulet of guardian spirit (around neck)
 x - the ring "Cepnompa" (right hand) {rF+ Str+8 Int-5 Dex+5 Stlth+}
   (You took it off a minotaur in a labyrinth)

   [ring of dexterity]

   It affects your strength (+8).
   It affects your intelligence (-5).
   It affects your dexterity (+5).
   It protects you from fire.
   It makes you more stealthy.
 C - an uncursed ring of flight
 N - an uncursed ring of resist corrosion
 S - the ring "Ysunuu" (left hand) {rF+ MP+9 Int+2}
   (You found it on level 8 of the Dungeon)

   [ring of magical power]

   It affects your intelligence (+2).
   It protects you from fire.
   It affects your magic capacity (+9).
Wands
 i - a wand of paralysis (9/24)
 u - a wand of hasting (9/9)
 z - a wand of acid (6/15)
 A - a wand of iceblast (6/15)
 F - a wand of disintegration (5/24)
Scrolls
 f - 11 scrolls of remove curse
 k - 5 scrolls of magic mapping
 l - 3 scrolls of recharging
 o - a scroll of fog
 r - 2 scrolls of enchant weapon
 G - a scroll of vulnerability
 I - a scroll of immolation {unknown}
 V - a scroll of teleportation
Potions
 e - 5 potions of heal wounds
 g - 3 potions of brilliance
 h - a potion of resistance
 j - 3 potions of ambrosia
 m - 2 potions of haste
 p - 2 potions of curing
 w - 5 potions of might
 E - a potion of agility
 K - a potion of flight
 R - 2 potions of berserk rage
Miscellaneous
 O - 2 sacks of spiders
Comestibles
 c - 14 bread rations
 s - 10 beef jerkies
 v - 5 meat rations
 M - 12 fruits
 W - a slice of pizza
 X - 14 royal jellies


   Skills:
 * Level 12.9 Fighting
 - Level 10.0 Short Blades
 + Level 7.0 Throwing
 * Level 14.5 Armour
 * Level 14.6 Dodging
 + Level 6.9 Stealth
 - Level 5.6 Shields


You had 15 spell levels left.
You didn't know any spells.

Dungeon Overview and Level Annotations

Branches:
Dungeon (15/15)            Temple (0/1) D:6            Lair (0/6) D:11
    Orc (2/2) D:12            Elf (0/3) Orc:2        Vaults (0/5) D:13
 Depths (1/5) D:15

Altars:
Okawaru
Qazlal
Trog
The Shining One
Beogh

Shops:
D:11 }   D:13 ?   Orc:1 =   Orc:2 ([*:

Annotations:
D:15 Kirke


Innate Abilities, Weirdness & Mutations

You are small and have problems with some larger weapons.
You are somewhat resistant to both further mutation and mutation removal.
You are frail. (-10% HP)
You occasionally shout uncontrollably at your foes.


Message History

* * * LOW HITPOINT WARNING * * *
The cyan very ugly thing closely misses you.
You puncture the vampire knight!
The vampire knight is moderately damaged.
You hit the vampire knight but do no damage.
There is a sudden explosion of sparks!
The vampire knight is heavily damaged.
The salamander closely misses you.
Unknown command.
You hit the vampire knight but do no damage.
The vampire knight is heavily damaged.
You block the vampire knight's attack. x2; The stone giant zombie hits you!
* * * LOW HITPOINT WARNING * * *
The cyan very ugly thing completely misses you.
The white very ugly thing basks in the mutagenic energy from its kin and changes!
The phantasmal warrior blinks!
You closely miss the vampire knight.
The vampire knight is heavily damaged.
The titan skeleton hits you!!
You die...

##### u.. ####
....###u..
....####.....u...
.....#.......u. .
#..............§.
##...W..u#.x#..§§
#......W@#...§§§§
#.....ZVZu..§≈≈§
#......ZuN.§.≈≈≈
##.........§§≈§≈
#...........§§§≈
#.......§....§≈§≈
........§.....≈≈.
#..............≈.
###.....§.#......


You could see 3 very ugly things, a vampire knight (invisible), a salamander, 2
phantasmal warriors, 2 stone giant zombies and a titan skeleton.

Vanquished Creatures
  A stone giant (Depths:1)
  An ettin (Orc:1)
  A minotaur (Lab)
  Erolcha (D:11)
  A vault guard (D:13)
  3 hydras
  A death knight (D:14)
  3 centaur warriors
  4 orc high priests
  5 tengu warriors
  A fire crab (shapeshifter) (D:13)
  2 skeletal warriors (D:15)
  A golden dragon zombie (D:15)
  A glowing orange brain (D:14)
  An unseen horror (shapeshifter) (Depths:1)
  An unseen horror (D:12)
  A flayed ghost (D:15)
  2 phantasmal warriors (D:14)
  A wizard (D:13)
  A shadow dragon zombie (D:15)
  A golden dragon skeleton (Depths:1)
  2 necromancers
  5 orc knights
  4 hill giants
  Pikel (D:5)
  A deep elf mage (D:11)
  17 ugly things
  A manticore (D:12)
  9 orc sorcerers
  7 cyclopes
  A centaur zombie (D:14)
  A frost giant skeleton (D:15)
  2 gargoyles
  A yaktaur (D:13)
  A komodo dragon (D:13)
  An elf zombie (D:15)
  4 kobold demonologists
  A freezing wraith (D:14)
  A tengu conjurer (D:15)
  An efreet (D:14)
  A queen bee (D:14)
  A meliai (shapeshifter) (D:15)
  6 meliai (D:14)
  5 trolls
  A hornet (D:14)
  2 harpy skeletons (D:14)
  4 slime creatures
  A hippogriff (D:10)
  A vampire (D:13)
  A shadow (D:11)
  10 yaks
  A hungry ghost (D:10)
  A steam dragon (D:13)
  3 wargs
  6 mottled dragons
  39 orc warriors
  5 sky beasts
  3 black bears
  2 ice beasts
  A necrophage (D:12)
  An eye of draining (D:14)
  8 ogres
  15 centaurs
  A crocodile (D:8)
  2 big kobolds
  10 bullfrogs
  A scorpion (D:4)
  A water moccasin skeleton (D:9)
  8 wights
  43 killer bees
  4 howler monkeys
  6 crimson imps
  A bullfrog zombie (D:11)
  A quasit (D:9)
  3 bullfrog skeletons
  2 gnoll shamans
  4 hounds
  25 orc wizards
  25 orc priests
  3 jellies
  Crazy Yiuf (D:2)
  Jessica (D:2)
  2 centaur skeletons
  3 iguanas
  11 worker ants
  Ijyb (D:3)
  2 worker ant zombies
  17 gnolls
  7 adders
  3 shadow imps
  An adder zombie (D:7)
  2 adder skeletons (D:4)
  2 worms
  5 dart slugs
  5 leopard geckos
  84 orcs
  4 giant cockroaches
  13 goblins
  9 hobgoblins
  4 jackals (D:4)
  21 kobolds
  3 quokkas
  2 ball pythons (D:1)
  7 bats
  3 frilled lizards
  2 jackal skeletons
  A leopard gecko skeleton (D:4)
  A quokka skeleton (D:8)
  9 rats
579 creatures vanquished.

Vanquished Creatures (collateral kills)
  An orc warlord (Orc:2)
  An orc high priest (Orc:2)
  3 orc knights (Orc:2)
  4 orc warriors (Orc:2)
  An orc priest (Orc:2)
  4 orc wizards (Orc:2)
  An orc (Orc:2)
15 creatures vanquished.

Vanquished Creatures (others)
  A centaur (D:15)
  A bullfrog skeleton (D:11)
  An orc priest (Orc:2)
  An adder (D:11)
4 creatures vanquished.

Grand Total: 598 creatures vanquished

Notes
Turn   | Place    | Note
-------+----------+-------------------------------------------
     0 | D:1      | Amnesiac the Halfling Berserker began the quest for the Orb.
     0 | D:1      | Reached XP level 1. HP: 15/15 MP: 1/1
   100 | D:1      | Reached XP level 2. HP: 15/20 MP: 2/2
   139 | D:1      | Reached skill level 1 in Stealth
   145 | D:1      | Reached XP level 3. HP: 13/25 MP: 3/3
   311 | D:1      | Reached skill level 1 in Throwing
   357 | D:1      | Reached ** piety under Trog
   716 | D:2      | Noticed Jessica
   727 | D:2      | Killed Jessica
   727 | D:2      | Reached XP level 4. HP: 24/30 MP: 4/4
   771 | D:2      | Found a bloodstained altar of Trog.
  1106 | D:2      | Found a runed door.
  1211 | D:2      | Reached XP level 5. HP: 35/36 MP: 5/5
  1494 | D:2      | Noticed Crazy Yiuf
  1507 | D:2      | Killed Crazy Yiuf
  1816 | D:3      | Reached skill level 1 in Shields
  1823 | D:3      | Reached XP level 6. HP: 37/42 MP: 6/6
  2340 | D:3      | Noticed Ijyb
  2354 | D:3      | Killed Ijyb
  2783 | D:4      | Got a dazzling dagger
  2784 | D:4      | Identified the +6 dagger "Turuhoatt" {pierce, Int+4} (You found it on level 4 of the Dungeon)
  2803 | D:4      | Reached skill level 5 in Short Blades
  2941 | D:4      | Reached XP level 7. HP: 46/46 MP: 7/7
  3268 | D:5      | Entered Level 5 of the Dungeon
  3268 | D:5      | Noticed Pikel
  3272 | D:5      | Got a crude buckler
  3287 | D:5      | Killed Pikel
  3287 | D:5      | Reached XP level 8. HP: 52/52 MP: 8/8
  3408 | D:5      | Reached *** piety under Trog
  3735 | D:5      | Reached skill level 10 in Short Blades
  4213 | D:5      | Identified the +2 buckler of Siut {Dex+3} (You found it on level 5 of the Dungeon)
  4320 | D:6      | Found a staircase to the Ecumenical Temple.
  4366 | D:6      | Reached skill level 5 in Shields
  4366 | D:6      | Reached XP level 9. HP: 24/57 MP: 3/9
  4930 | D:6      | Found a stormy altar of Qazlal.
  6017 | D:7      | Reached skill level 5 in Armour
  6017 | D:7      | Reached skill level 5 in Dodging
  6788 | D:8      | Noticed a kobold demonologist
  6789 | D:8      | Noticed an orc sorcerer
  6803 | D:8      | Killed a kobold demonologist
  6812 | D:8      | Noticed a kobold demonologist
  6852 | D:8      | Noticed an orange demon
  6852 | D:8      | Killed a kobold demonologist
  6852 | D:8      | Reached **** piety under Trog
  6907 | D:8      | Reached XP level 10. HP: 52/63 MP: 10/10
  7055 | D:8      | Noticed a centaur warrior
  7066 | D:8      | Killed a centaur warrior
  7159 | D:8      | Noticed a centaur warrior
  7176 | D:8      | Killed a centaur warrior
  7243 | D:8      | Got a heavily runed pewter ring
  7256 | D:8      | Identified a scroll of acquirement
  7259 | D:8      | Identified the ring "Ysunuu" {rF+ MP+9 Int+2} (You found it on level 8 of the Dungeon)
  7369 | D:8      | Killed an orc sorcerer
  7369 | D:8      | Received a gift from Trog
  7623 | D:9      | Reached XP level 11. HP: 62/67 MP: 11/11
  8037 | D:9      | Noticed a frost giant
  8074 | D:10     | Entered Level 10 of the Dungeon
  8254 | D:10     | Reached skill level 10 in Armour
  8254 | D:10     | Reached skill level 10 in Dodging
  8728 | D:10     | Found an iron altar of Okawaru.
  8941 | D:11     | Reached ***** piety under Trog
  9182 | D:11     | Noticed a red ugly thing
  9196 | D:11     | Killed a red ugly thing
  9220 | D:11     | Gained mutation: You have large cloven feet. [mutagenic meat]
  9278 | D:11     | Noticed Erolcha
  9308 | D:11     | Killed Erolcha
  9436 | D:11     | Reached XP level 12. HP: 72/72 MP: 12/12
  9793 | D:11     | Found a staircase to the Lair.
  9971 | D:11     | Found Plog's Gadget Shop.
 10102 | D:12     | Received a gift from Trog
 10249 | D:12     | Noticed an unseen horror
 10256 | D:12     | Found a staircase to the Orcish Mines.
 10270 | D:12     | Killed an unseen horror
 10365 | D:12     | Reached skill level 5 in Fighting
 10564 | D:12     | Received a gift from Trog
 11033 | Orc:1    | Entered Level 1 of the Orcish Mines
 11126 | Orc:2    | Entered Level 2 of the Orcish Mines
 11280 | Orc:2    | Found a labyrinth entrance.
 11322 | Lab      | Entered a labyrinth
 12351 | Lab      | Noticed a minotaur
 12380 | Lab      | Killed a minotaur
 12382 | Lab      | Got a smoking wooden ring
 12405 | Lab      | Got a vibrating copper amulet
 12413 | Lab      | Identified the Volume of Talismans
 12420 | Orc:2    | Identified the ring "Cepnompa" {rF+ Str+8 Int-5 Dex+5 Stlth+} (You took it off a minotaur in a labyrinth)
 12426 | Orc:2    | Identified the amulet "Bicac" {Dismiss Str+6 Int-2 Dex+4} (You found it in a labyrinth)
 12601 | Orc:2    | Reached XP level 13. HP: 85/88 MP: 13/13
 12649 | Orc:2    | Found a staircase to the Elven Halls.
 12985 | Orc:2    | Reached skill level 10 in Fighting
 13012 | Orc:2    | Noticed an orc warlord
 13016 | Orc:2    | Killed an orc warlord
 13135 | Orc:2    | Received a gift from Trog
 13826 | Orc:2    | Found Xeuti's Antique Armour Emporium.
 13827 | Orc:2    | Found Daj Xevi's Antique Weapon Shoppe.
 13831 | Orc:2    | Found Asotyso's General Store.
 13831 | Orc:2    | Found Doanugiami's Book Emporium.
 13845 | Orc:2    | Bought a pair of embroidered boots for 130 gold pieces
 13852 | Orc:2    | Bought an embroidered cloak for 130 gold pieces
 13863 | Orc:2    | Bought an ancient scale mail for 261 gold pieces
 13874 | Orc:2    | Identified the +7 scale mail of the Jackalope {rPois Int+3 Dex+3} (You bought it in a shop on level 2 of the Orcish Mines)
 14043 | Orc:1    | Noticed an ettin
 14072 | Orc:1    | Killed an ettin
 14372 | Orc:1    | Found Luejarer's Jewellery Shoppe.
 14530 | Orc:1    | Found a roughly hewn altar of Beogh.
 15002 | D:13     | Reached XP level 14. HP: 101/101 MP: 14/14
 15011 | D:13     | Found a gate to the Vaults.
 15073 | D:13     | Reached skill level 5 in Throwing
 15276 | D:13     | Received a gift from Trog
 15568 | D:13     | Found Ynil's Magic Scroll Shop.
 15840 | D:14     | Received a gift from Trog
 16006 | D:14     | Reached ****** piety under Trog
 16015 | D:14     | Received a gift from Trog
 16339 | D:14     | Reached skill level 5 in Stealth
 16408 | D:14     | Lost mutation: You have large cloven feet. [mutagenic meat]
 16423 | D:14     | Gained mutation: You are agile. (Dex +2) [mutagenic meat]
 16429 | D:14     | Lost mutation: You are agile. (Dex +2) [mutagenic meat]
 16649 | D:14     | Received a gift from Trog
 17469 | D:15     | Entered Level 15 of the Dungeon
 17495 | D:15     | Reached XP level 15. HP: 77/108 MP: 15/15
 17557 | D:15     | Gained mutation: You occasionally shout uncontrollably at your foes. [mutagenic meat]
 17563 | D:15     | Gained mutation: You are somewhat resistant to both further mutation and mutation removal. [mutagenic meat]
 17566 | D:15     | Gained mutation: You are frail. (-10% HP) [mutagenic meat]
 17578 | D:15     | Reached XP level 16. HP: 73/104 MP: 16/16
 17744 | D:15     | Noticed Kirke
 17929 | D:15     | Found a glowing golden altar of the Shining One.
 17977 | D:15     | Found a staircase to the Depths.
 18468 | Depths:1 | Entered Level 1 of the Depths
 18515 | Depths:1 | Mangled by a titan skeleton

Vault maps used:
D:1:      noname_arrival_rooms_in_the_neighbourhood, minmay_surrounded
D:2:      serial_bayou_ford_a, bloody_trog, uniq_crazy_yiuf_cottage,
          uniq_jessica
D:3:      uniq_iyjb
D:5:      first_bread, serial_co_window_serial, co_window_corner_a,
          co_window_of_opportunity_a, co_window_corner_a, co_window_corner_a,
          co_window_cross_1, co_window_paths_c, co_window_2corner,
          co_window_cross_4, co_window_paths_d, co_window_paths_e,
          glass_columns_b, uniq_pikel
D:6:      nicolae_qazlal_style_of_elements
D:7:      grunt_ogre_cave
D:8:      wad_floor_pattern_untrapped, minmay_the_grid_3x2
D:9:      st_stairs_7, kennysheep_doodads, minmay_three_doors
D:10:     okawaru_ov_weapons_minmay
D:11:     lair_0_dummy, serial_shops, nicolae_shop_trees, uniq_erolcha
D:12:     erik_orc_4
D:13:     david_vaults_5, serial_shops, shop
D:14:     special_room, serial_co_window_serial, co_window_of_opportunity_a,
          co_window_of_opportunity_a, co_window_paths_b, co_window_corner_a,
          co_window_of_opportunity_a, co_window_corner_ca, co_window_broadway_a,
          co_window_cross_4, co_window_broadway_b, co_window_unsneaky_path_e,
          glass_columns_c, glass_columns_a, glass_columns_a
D:15:     gammafunk_depths_entry_grave, basic_altar, uniq_kirke
Orc:1:    basic_altar, serial_shops, nicolae_shop_waterfront
Orc:2:    st_orc_congregation, lab_entry_generic
Depths:1: abyss_entry, minmay_fountain_box, grunt_metal_band,
          hangedman_decor_slide_cut, kennysheep_generic_room_2,
          minmay_shoptagon, uniq_asterion, uniq_nikola
Lab:      nicolae_lab_dead_adventurers, labyrinth_skeletal_remains

Skill      XL: |  1  2  3  4  5  6  7  8  9 10 11 12 13 14 15 16 |
---------------+-------------------------------------------------+-----
Stealth        | 1 2 3 5 6 |  6.9
Short Blades   | 4 5 9 10 | 10.0
Throwing       | 1 4 5 6 7 |  7.0
Fighting       | 3 7 11 12 | 12.9
Dodging        | 3 6 9 11 12 13 14 | 14.6
Armour         | 3 6 9 11 12 13 14 | 14.5
Shields        | 1 3 5 |  5.6

Action                   |  1- 3 |  4- 6 |  7- 9 | 10-12 | 13-15 | 16-18 || total
-------------------------+-------+-------+-------+-------+-------+-------++-------
Melee: Short sword       |    87 |    56 |       |       |       |       ||   143
       Rapier            |       |   106 |       |       |       |       ||   106
       Dagger            |       |    17 |   188 |  1072 |   786 |   424 ||  2487
       Kick              |       |       |       |   306 |   172 |       ||   478
       Quick blade       |       |       |       |       |   371 |       ||   371
Throw: Throwing net      |       |       |       |       |     4 |     3 ||     7
Invok: Berserk           |       |     4 |     6 |    10 |     9 |     3 ||    32
       Brothers in Arms  |       |       |       |       |     4 |       ||     4
Evoke: Wand              |       |       |       |     5 |       |       ||     5
  Use: Scroll            |       |       |       |    28 |     2 |       ||    30
       Potion            |       |       |       |     2 |     2 |       ||     4
 Stab: Sleeping          |     4 |    10 |     6 |       |    18 |     2 ||    40
       Distracted        |       |     1 |       |       |     1 |       ||     2
       Held in net/web   |       |       |       |       |     2 |     1 ||     3
  Eat: Chunk             |       |    11 |    12 |    29 |    45 |    10 ||   107
       Meat ration       |       |       |     1 |     1 |       |       ||     2
       Pizza             |       |       |     1 |       |       |       ||     1
       Fruit             |       |       |       |     2 |       |       ||     2
       Royal jelly       |       |       |       |     1 |       |       ||     1
Armor: Animal skin       |     7 |       |       |       |       |       ||     7
       Leather armour    |       |    23 |    11 |       |       |       ||    34
       Plate armour      |       |       |     8 |    14 |       |       ||    22
       Chain mail        |       |       |       |   146 |    26 |       ||   172
       Scale mail        |       |       |       |       |    90 |    68 ||   158
Dodge: Dodged            |    47 |   105 |    52 |   440 |   576 |   250 ||  1470
Block: Buckler           |       |    21 |    26 |   321 |   387 |   163 ||   918
